 Dungeon Crawl Stone Soup version 0.29-a0-643-ga013cefcf8 (webtiles) character file.

Game seed: 15842178175631028562

163 happo123 the Gusty (level 5, -14/29 HPs)
             Began as a Tengu Air Elementalist on June 20, 2022.
             Was an Initiate of Vehumet.
             Demolished by Menkaure (24 damage)
             ... on level 4 of the Dungeon.
             The game lasted 00:25:25 (2938 turns).

happo123 the Gusty (Tengu Air Elementalist)         Turns: 2938, Time: 00:25:27

Health: -14/29     AC:  3    Str:  8    XL:     5   Next: 44%
Magic:  7/9        EV: 15    Int: 18    God:    Vehumet [......]
Gold:   116        SH:  0    Dex: 14    Spells: 2/8 levels left

rFire   . . .      SeeInvis .   c - +1 hunting sling (flame)
rCold   . . .      Faith    .   (no shield)
rNeg    . . .      Spirit   .   a - +0 robe
rPois   .          Reflect  .   (helmet restricted)
rElec   .          Harm     .   (no cloak)
rCorr   .          Rampage  .   f - +0 pair of gloves
Will    .....                   (boots unavailable)
Stlth   ++........              (no amulet)
HPRegen 0.09/turn               (no ring)
MPRegen 0.11/turn               (no ring)

@: flying quickly and evasively, very slightly contaminated, quick
A: beak, talons 3, nimble flight
a: Renounce Religion


You were on level 4 of the Dungeon.
You worshipped Vehumet.
Vehumet was noncommittal.
You visited 2 branches of the dungeon, and saw 6 of its levels.

You collected 116 gold pieces.

Inventory:

Hand Weapons
 c - a +1 hunting sling of flaming (weapon)
 r - a +0 hand axe
Armour
 a - a +0 robe (worn)
 f - a +0 pair of gloves (worn)
Wands
 q - a wand of digging (1)
Scrolls
 e - a scroll of fog {unknown}
 h - a scroll of blinking {unknown}
 i - a scroll of vulnerability {unknown}
 k - a scroll of torment {unknown}
 l - a scroll of poison {unknown}
 m - 4 scrolls of identify {unknown}
 n - a scroll of amnesia {unknown}
 o - a scroll of fear {unknown}
Potions
 b - 2 potions of magic
 d - 3 potions of mutation {unknown}
 g - a potion of heal wounds {unknown}
 j - a potion of lignification {unknown}
 p - 2 potions of curing {unknown}


   Skills:
 + Level 1.5 Fighting
 + Level 2.8 Dodging
 + Level 2.7 Stealth
 + Level 2.4 Spellcasting
 * Level 3.6 Conjurations
 * Level 5.3 Air Magic


You had 2 spell levels left.
You knew the following spells:

 Your Spells              Type           Power      Damage    Failure   Level
a - Shock                 Conj/Air       72%        1d7       2%          1
b - Static Discharge      Conj/Air       18%        N/A       4%          2
c - Swiftness             Air            21%        N/A       6%          3

Your spell library contained the following spells:

 Spells                   Type           Power      Damage    Failure   Level
 Airstrike                Air            10%        N/A       21%         4
 Summon Forest            Summ/Tloc      1%         N/A       99%         5
 Eringya's Noxious Bog    Tmut/Pois      1%         N/A       100%        6
 Summon Hydra             Summ           1%         N/A       100%        7


Dungeon Overview and Level Annotations

Branches:
Dungeon (5/15)             Temple (1/1) D:5

Altars:
Ashenzari
Cheibriados
Dithmenos
Elyvilon
Fedhas
Gozag
Hepliaklqana
Kikubaaqudgha
Makhleb
Nemelex Xobeh
Okawaru
Qazlal
Ru
Sif Muna
Trog
Uskayaw
Vehumet
Wu Jian
Xom
Yredelemnul
Zin

Annotations:
D:4 Menkaure


Innate Abilities, Weirdness & Mutations

You have a beak for a mouth.
You have claws for feet.
Your magical nature lets you fly swiftly and evasively.


Message History

The sling bullet closely misses Menkaure.
Fire: c) +1 hunting sling (flame)
Press: ? - help, Shift-Dir - straight line, f/p - Menkaure
Aim: Menkaure (lightly damaged, 72% to hit)
You shoot a sling bullet.
The sling bullet closely misses Menkaure.
Menkaure calls on the powers of darkness!
Your body is wracked with pain!
Fire: c) +1 hunting sling (flame)
Press: ? - help, Shift-Dir - straight line, f/p - Menkaure
Aim: Menkaure (lightly damaged, 72% to hit)
You shoot a sling bullet. The sling bullet hits Menkaure.
The sling bullet burns Menkaure.
Menkaure is heavily damaged.
Fire: c) +1 hunting sling (flame)
Press: ? - help, Shift-Dir - straight line, f/p - Menkaure
Aim: Menkaure (heavily damaged, 72% to hit)
You shoot a sling bullet. The sling bullet hits Menkaure.
The sling bullet burns Menkaure.
Menkaure is severely damaged.
Menkaure calls on the powers of darkness!
Your body is wracked with pain!
Fire: c) +1 hunting sling (flame)
Press: ? - help, Shift-Dir - straight line, f/p - Menkaure
Aim: Menkaure (severely damaged, 72% to hit)
You shoot a sling bullet.
The sling bullet barely misses Menkaure.
Fire: c) +1 hunting sling (flame)
Press: ? - help, Shift-Dir - straight line, f/p - Menkaure
Aim: Menkaure (severely damaged, 72% to hit)
You shoot a sling bullet. The sling bullet hits Menkaure.
The sling bullet burns Menkaure.
Menkaure is severely damaged.
Casting: Shock (safe; 2% risk of failure)
Confirm with . or Enter, or press ? or * to list all spells.
You miscast Static Discharge.
You are very lightly contaminated with residual magic.
Nothing appears to happen.
Menkaure hits you!!
Ouch! That really hurt!
You die...

....... ####### .......
#.......# .......
#........ .......
#........ .......
......... .......
#.......#
......M##.......##...##.
.......@.............#..
##########............#..
#.......##............##.
......................##.
.........................
........###########......
........##.......##...<..
......................##.
###+######............##.


You could see Menkaure.

Vanquished Creatures
  Jessica (D:3)
  8 adders
  3 dart slugs (D:1)
  3 worms
  6 ball pythons
  2 bats
  4 endoplasms
  8 goblins
  4 hobgoblins
  2 quokkas
  6 frilled lizards
  3 kobolds
  6 rats
  A spectral goblin (D:1)
57 creatures vanquished.

Vanquished Creatures (others)
  2 plants (D:2)
2 creatures vanquished.

Grand Total: 59 creatures vanquished

Notes
Turn   | Place    | Note
-------+----------+-------------------------------------------
     0 | D:1      | happo123 the Tengu Air Elementalist began the quest for the
                  | Orb.
     0 | D:1      | Reached XP level 1. HP: 10/10 MP: 4/4
    49 | D:1      | Reached XP level 2. HP: 15/15 MP: 6/6
    61 | D:1      | Learned a level 2 spell: Static Discharge
   651 | D:1      | Found a faded altar of an unknown god.
   955 | D:2      | Reached XP level 3. HP: 20/20 MP: 7/7
   959 | D:2      | Learned a level 3 spell: Swiftness
   966 | D:2      | Found a broken altar of Ashenzari.
  1482 | D:2      | Reached skill level 1 in Fighting
  1500 | D:2      | Reached XP level 4. HP: 25/25 MP: 8/8
  1801 | D:2      | Reached skill level 5 in Air Magic
  1915 | D:3      | You fall into a shaft and drop 2 floors!
  1915 | D:5      | Entered Level 5 of the Dungeon
  1915 | D:5      | Found a staircase to the Ecumenical Temple.
  1926 | Temple   | Entered the Ecumenical Temple
  2055 | Temple   | Became a worshipper of Vehumet
  2090 | D:5      | Noticed an ice beast
  2516 | D:3      | Gained mutation: Your magical nature lets you fly swiftly
                  | and evasively. [Tengu growth]
  2516 | D:3      | Reached XP level 5. HP: 29/29 MP: 9/9
  2580 | D:3      | Noticed Jessica
  2589 | D:3      | Killed Jessica
  2930 | D:4      | Noticed Menkaure
  2938 | D:4      | Demolished by Menkaure

Illustrated notes

Levels and vault maps discovered:
D:1:      shiori_arrival_oz, layout_basic,
          dreamdust_ecumenical_altar_drowned_temple, hex_medium
D:2:      layout_basic, basic_altar, st_stairs_1, serial_bayou_pond_a,
          minmay_misc_feat_iff, minmay_shallow_snake_nest
D:3:      layout_basic, uniq_jessica
D:4:      layout_gridville, uniq_menkaure, uniq_blork_the_orc
D:5:      layout_cave_pools, minmay_temple_entry_ruins, uniq_edmund
Temple:   compressed_dpeg_circular_temple

Skill      XL: |  1  2  3  4 |
---------------+-------------+-----
Conjurations   | 2 3 |  3.6
Fighting       | 1 |  1.5
Air Magic      | 5 |  5.3
Dodging        | |  2.8
Stealth        | |  2.7
Spellcasting   | |  2.4

Action                   |  1- 3 |  4- 6 || total
-------------------------+-------+-------++-------
 Fire: Hunting sling     |    43 |    49 ||    92
 Cast: Shock             |    21 |    13 ||    34
       Static Discharge  |     3 |     4 ||     7
Armor: Robe              |    11 |     4 ||    15
Dodge: Dodged            |    24 |    11 ||    35

Table legend: (Time is in decaauts)
 A = Elapsed time spent in this place.
 B = Non-inter-level travel time spent in this place.
 C = Inter-level travel time spent in this place.
 D = Time resting spent in this place.
 E = Time spent auto-exploring this place.
 F = Levels seen in this place.
 G = Mean time per level.
                   A        B        C        D        E       F      G
               +--------+--------+--------+--------+--------+-----+--------+
         Total |   2954 |   1792 |   1162 |    211 |   1034 |   6 |  492.3 |
       Dungeon |   2815 |   1675 |   1140 |    211 |    937 |   5 |  563.0 |
        Temple |    139 |    117 |     22 |      0 |     97 |   1 |  139.0 |
               +--------+--------+--------+--------+--------+-----+--------+

Top non-repeatable levels by time:
     D:2: 1040 daAuts
     D:1: 902 daAuts
     D:3: 649 daAuts
     D:4: 181 daAuts
  Temple: 139 daAuts
     D:5: 40 daAuts
